 Dungeon Crawl Stone Soup version 0.19.5 (webtiles) character file.

308 tidbits the Archer (level 6, 0/58 HPs)
             Began as a High Elf Wanderer on Aug 8, 2017.
             Was a Follower of Okawaru.
             Slain by Edmund
             ... wielding a +8 flail of protection
              (14 damage)
             ... on level 4 of the Dungeon.
             The game lasted 00:09:43 (970 turns).

tidbits the Archer (High Elf Wanderer)               Turns: 970, Time: 00:09:43

Health: 0/58       AC:  4    Str: 17    XL:     6   Next: 16%
Magic:  8/8        EV: 13    Int: 18    God:    Okawaru [*.....]
Gold:   24         SH:  0    Dex: 16    Spells: 0 memorised, 5 levels left

rFire  . . .     SeeInvis .     o - +0 whip (elec)
rCold  . . .     Gourm    .     B - +0 leather armour
rNeg   . . .     Faith    .     (no shield)
rPois  .         Spirit   .     E - +0 helmet
rElec  .         Reflect  .     (no cloak)
rCorr  .         Harm     .     (no gloves)
MR     .....                    (no boots)
Stlth  ..........               (no amulet)
                                (no ring)
                                X - +2 ring of dexterity

@: berserking, very quick
A: no striking features
a: Heroism, Renounce Religion


You were on level 4 of the Dungeon.
You worshipped Okawaru.
Okawaru was aware of your devotion.
You were not hungry.

You visited 2 branches of the dungeon, and saw 5 of its levels.

You collected 24 gold pieces.

Inventory:

Hand Weapons
 a - a +0 falchion
   (You took it off an orc on level 3 of the Dungeon)
 b - a +2 shortbow
 j - a +0 club
   (You took it off a hobgoblin on level 2 of the Dungeon)
 o - a +0 whip of electrocution (weapon)
   (You took it off an orc on level 4 of the Dungeon)
Missiles
 d - 9 tomahawks (quivered)
 g - 67 arrows
 h - 14 poisoned needles
 i - 89 stones
 m - 4 tomahawks of returning
 q - 7 curare-tipped needles
Armour
 e - a +0 robe
 k - a +0 chain mail
   (You took it off an orc on level 3 of the Dungeon)
 n - a +0 ring mail
   (You found it on level 4 of the Dungeon)
 p - a cursed +0 scale mail
   (You took it off an orc on level 4 of the Dungeon)
 B - a +0 leather armour (worn)
   (You found it on level 2 of the Dungeon)
 E - a +0 helmet (worn)
   (You found it on level 4 of the Dungeon)
Jewellery
 X - a +2 ring of dexterity (left hand)
   (You took it off an orc on level 4 of the Dungeon)
Wands
 s - a wand of flame (28/48)
   (You found it on level 4 of the Dungeon)
Scrolls
 c - a scroll of teleportation
Potions
 u - a potion of curing
Comestibles
 f - 3 bread rations
 r - 2 fruits


   Skills:
 - Level 2.0 Fighting
 - Level 8.2 Bows
 - Level 1.0 Armour
 - Level 3.1 Dodging
 - Level 1.1 Stealth
 + Level 1.0 Invocations
 - Level 2.0 Evocations


You had 5 spell levels left.
You didn't know any spells.

Dungeon Overview and Level Annotations

Branches:
Dungeon (4/15)             Temple (1/1) D:4

Altars:
Ashenzari
Gozag
Kikubaaqudgha
Nemelex Xobeh
Okawaru
Trog
Uskayaw
Yredelemnul
The Shining One

Annotations:
D:4 Edmund


Message History

Okawaru accepts your kill.
Your Invocations skill increases to level 1!
The orc throws a stone.
The stone misses you. The orc misses you.
Items here: ! )) [ †† You hit the orc.
The orc is moderately wounded.
The orc hits you but does no damage.
You barely miss the orc.
The orc is moderately wounded.
The orc closely misses you.
You hit the orc but do no damage.
The orc is moderately wounded.
The orc hits you but does no damage.
You hit the orc.
The orc is severely wounded.
The orc barely misses you.
You closely miss the orc.
The orc is severely wounded.
The orc hits you.
* * * LOW HITPOINT WARNING * * *
You hit the orc but do no damage.
The orc is severely wounded.
The orc hits you.
* * * LOW HITPOINT WARNING * * *
You hit the orc.
There is a sudden explosion of sparks!
You kill the orc!
Okawaru accepts your kill.
i - 87 stones (gained 13)
You now have 24 gold pieces (gained 12).
You see here an orc corpse.
u - a potion of curing
Items here: )) [ †† a dagger; a robe; a giant club; an orc corpse; an ogre corpse Wield which item (- for none, * to show all)? (? for menu, Esc to quit)
Your +0 whip of electrocution stops crackling.
b - a +2 shortbow (weapon)
i - 88 stones (gained 1)
i - 89 stones (gained 1)
Okay, then.
Unknown command.
Wear which item? (? for menu, Esc to quit)
You start putting on your armour.
You continue putting on your helmet. x4
You finish putting on your +0 helmet.
Adjust (i)tems, (s)pells, or (a)bilities?
Adjust which item? (? for menu, Esc to quit)
t - a +0 helmet (worn)
Adjust to which letter? (? for menu, Esc to quit)
E - a +0 helmet (worn)
Unknown command.
No monsters, items or features are visible.
Unknown command.
Search for what [? for help]? .
Found a stone staircase leading down.
Edmund the Younger comes into view.
He is wielding a flail of protection.
Edmund shouts!
Firing (i - inventory. (,) - cycle):
g - 72 arrows (quivered)
Press: ? - help, Shift-Dir - straight line, f - Edmund
Aim: Edmund, wielding a flail of protection and wearing a ring mail You shoot an arrow.
The arrow barely misses Edmund.
Firing (i - inventory. (,) - cycle):
g - 71 arrows (quivered)
Press: ? - help, Shift-Dir - straight line, f/p - Edmund
Aim: Edmund, wielding a flail of protection and wearing a ring mail You shoot an arrow.
The arrow barely misses Edmund.
Firing (i - inventory. (,) - cycle):
g - 70 arrows (quivered)
Press: ? - help, Shift-Dir - straight line, f/p - Edmund
Aim: Edmund, wielding a flail of protection and wearing a ring mail You shoot an arrow.
The arrow hits Edmund but does no damage.
Firing (i - inventory. (,) - cycle):
g - 69 arrows (quivered)
Press: ? - help, Shift-Dir - straight line, f/p - Edmund
Aim: Edmund, wielding a flail of protection and wearing a ring mail You shoot an arrow.
The arrow hits Edmund but does no damage.
Firing (i - inventory. (,) - cycle):
g - 68 arrows (quivered)
Press: ? - help, Shift-Dir - straight line, f/p - Edmund
Aim: Edmund, wielding a flail of protection and wearing a ring mail You shoot an arrow.
The arrow closely misses Edmund.
Wield which item (- for none, * to show all)? (? for menu, Esc to quit)
You hear the crackle of electricity.
o - a +0 whip of electrocution (weapon)
Okay, then.
It was a potion of berserk rage.
A red film seems to cover your vision as you go berserk!
You feel yourself moving faster!
You feel mighty!
Edmund hits you with a flail of protection.
You closely miss Edmund.
Edmund hits you with a flail of protection!
* * * LOW HITPOINT WARNING * * *
Your leather armour prevents you from hitting Edmund.
You barely miss Edmund.
Edmund hits you with a flail of protection!
* * * LOW HITPOINT WARNING * * *
You hit Edmund but do no damage. Edmund barely misses you.
You whack Edmund!
There is a sudden explosion of sparks!
Edmund is heavily wounded.
You hit Edmund.
Edmund is severely wounded.
Edmund hits you with a flail of protection!
You die...

##.###.######.#.######..........
#.......)))...#.##...........###
#....[........+.##...........##.
#.............####........^.....
###.####.####### #............#.
.......#..# #...........<#.
........#.##########.........)##.
..........†).................># .
........#.###.##@##.##.##.##.###.
........#..##.##@##.#.........#..
........##.##.##.##..............
........##..#.##(# ##..⌠...⌠..#..
........###.#.##(####.........##.
.........##...##(##......>.......
.........###..##(##.#.......).#..
.........###..##(##.#..⌠...⌠..##.
..............##.##..............


You could see Edmund.

Vanquished Creatures
  An ogre (D:4)
  A scorpion (D:4)
  A gnoll shaman (D:4)
  Natasha (D:2)
  An orc wizard (D:4)
  A worker ant (D:4)
  2 gnolls (D:4)
  2 adders
  A worm (D:3)
  A leopard gecko (D:3)
  13 orcs
  2 hobgoblins
  A bat (D:3)
  A frilled lizard (D:3)
  2 kobolds (D:3)
  3 rats
34 creatures vanquished.

Notes
Turn   | Place    | Note
-------+----------+-------------------------------------------
     0 | D:1      | tidbits the High Elf Wanderer began the quest for the Orb.
     0 | D:1      | tidbits set off with: a +2 shortbow, 26 arrows, a scroll of teleportation, a potion of curing, a +0 robe, a bread ration
     0 | D:1      | Reached XP level 1. HP: 14/14 MP: 3/3
   117 | D:2      | Found an opulent altar of Gozag.
   160 | D:2      | Noticed Natasha
   165 | D:2      | Killed Natasha
   165 | D:2      | Reached skill level 3 in Dodging
   165 | D:2      | Reached XP level 2. HP: 19/19 MP: 4/4
   175 | D:2      | Reached XP level 3. HP: 24/24 MP: 5/5
   369 | D:3      | Reached skill level 5 in Bows
   517 | D:4      | Found a staircase to the Ecumenical Temple.
   522 | D:4      | Reached XP level 4. HP: 16/29 MP: 6/6
   531 | Temple   | Entered the Ecumenical Temple
   564 | Temple   | Became a worshipper of Warmaster Okawaru
   723 | D:4      | Reached skill level 6 in Bows
   783 | D:4      | Reached XP level 5. HP: 23/34 MP: 7/7
   858 | D:4      | Noticed an ogre
   891 | D:4      | Reached skill level 7 in Bows
   893 | D:4      | Killed an ogre
   893 | D:4      | Reached * piety under Okawaru
   893 | D:4      | Reached skill level 8 in Bows
   893 | D:4      | Reached XP level 6. HP: 25/39 MP: 8/8
   899 | D:4      | Reached skill level 1 in Invocations
   943 | D:4      | Noticed Edmund
   970 | D:4      | Slain by Edmund

Skill      XL: |  1  2  3  4  5  6 |
---------------+-------------------+-----
Dodging        | 3 |  3.1
Bows           | 5 6 8 |  8.2
Invocations    | 1 |  1.0
Fighting       | |  2.0
Armour         | |  1.0
Stealth        | |  1.1
Evocations     | |  2.0

Action                   |  1- 3 |  4- 6 || total
-------------------------+-------+-------++-------
Melee: Whip              |       |    27 ||    27
 Fire: Shortbow          |    64 |    51 ||   115
  Use: Potion            |     1 |     1 ||     2
Armor: Leather armour    |     2 |     8 ||    10
Dodge: Dodged            |    20 |    18 ||    38

Table legend:
 A = Turns spent in this place as a percentage of turns spent in the entire game.
 B = Non-inter-level travel turns spent in this place as a percentage of non-inter-level travel turns spent in the entire game.
 C = Inter-level travel turns spent in this place as a percentage of turns spent in this place.
 D = Turns resting spent in this place as a percentage of non-inter-level travel turns spent in this place.
 E = Turns spent auto-exploring this place as a percentage of non-inter-level travel turns spent in this place.
 F = Non-inter-level travel turns spent in this place divided by the number of levels of this place that you've seen.
                   A       B       C       D       E      F
               +-------+-------+-------+-------+-------+----------------------
         Total | 100.0 | 100.0 |   0.2 |   0.0 |   0.0 | 166.8
       Dungeon |  95.8 |  95.9 |   0.1 |   0.0 |   0.0 | 200.0
        Temple |   4.2 |   4.1 |   2.9 |   0.0 |   0.0 |  34.0
               +-------+-------+-------+-------+-------+----------------------

Table legend:
 A = Kills in this place as a percentage of kills in entire the game.
 B = Kills by you in this place as a percentage of kills by you in the entire game.
 C = Kills by friends in this place as a percentage of kills by friends in the entire game.
 D = Other kills in this place as a percentage of other kills in the entire game.
 E = Experience gained in this place as a percentage of experience gained in the entire game.
 F = Experience gained in this place divided by the number of levels of this place that you have seen.
                   A       B       C       D       E      F
               +-------+-------+-------+-------+-------+----------------------
         Total | 100.0 | 100.0 |  -nan |  -nan | 100.0 |  88.0
       Dungeon | 100.0 | 100.0 |  -nan |  -nan | 100.0 | 110.0
               +-------+-------+-------+-------+-------+----------------------

Vault maps used:
D:1:      eino_arrival_cavern_e, serial_forest, infiniplex_forest_lined_ring,
          infiniplex_forest_clump_medium, infiniplex_forest_corner_1,
          infiniplex_forest_clump_small, infiniplex_forest_clump_medium,
          infiniplex_forest_lined_room_2, infiniplex_forest_clump_small
D:2:      minmay_door_path, lemuel_crystal_altar, first_bread, uniq_natasha
D:3:      tgw_sif, uniq_terence, uniq_sigmund
D:4:      minmay_temple_entry_large_hall, cheibrodos_gnoll_hut, uniq_edmund
Temple:   regret_index_temple_waves
